 Dungeon Crawl Stone Soup version 0.29.1-12-g30fa7ad0bf (webtiles) character file.

Game seed: 11211047210438647180

20 CaptainMV the Conjurer (level 2, -6/20 HPs)
             Began as a Draconian Conjurer on Dec 16, 2022.
             Mangled by Terence
             ... wielding a +0 flail
              (9 damage)
             ... on level 2 of the Dungeon.
             The game lasted 00:05:07 (757 turns).

CaptainMV the Conjurer (Draconian Conjurer)          Turns: 757, Time: 00:05:09

Health: -6/20      AC:  4    Str:  9    XL:     2   Next: 58%
Magic:  2/5        EV: 12    Int: 18    God:
Gold:   52         SH:  0    Dex:  9    Spells: 4/5 levels left

rFire   . . .      SeeInvis .   d - +1 trident
rCold   . . .      Faith    .   (no shield)
rNeg    . . .      Spirit   .   (body armour unavailable)
rPois   .          Reflect  .   (helmet restricted)
rElec   .          Harm     .   (no cloak)
rCorr   .          Rampage  .   (no gloves)
Will    .....                   (no boots)
Stlth   ++........              (no amulet)
HPRegen 0.06/turn               (no ring)
MPRegen 0.09/turn               (no ring)

@: very slightly contaminated
A: AC +4, unfitting armour, cold-blooded
a: no special abilities


You were on level 2 of the Dungeon.
You visited 1 branch of the dungeon, and saw 2 of its levels.

You collected 52 gold pieces.

Inventory:

Hand Weapons
 d - a +1 trident (weapon)
Missiles
 h - 3 atropa-tipped darts (quivered)
Scrolls
 c - a scroll of magic mapping {unknown}
 e - a scroll of enchant weapon
 f - a scroll of identify {unknown}
 i - 4 scrolls of teleportation {unknown}
 k - a scroll of acquirement {unknown}
 l - a scroll of poison {unknown}
Potions
 a - a potion of magic
 b - a potion of might {unknown}
 g - 2 potions of curing {unknown}
 j - 2 potions of flight {unknown}


   Skills:
 + Level 0.8 Polearms
 + Level 1.9 Dodging
 + Level 1.9 Stealth
 + Level 2.1 Spellcasting
 + Level 4.3 Conjurations


You had 4 spell levels left.
You knew the following spells:

 Your Spells              Type           Power      Damage    Failure   Level
a - Magic Dart            Conj           68%        1d6       3%          1

Your spell library contained the following spells:

 Spells                   Type           Power      Damage    Failure   Level
 Searing Ray              Conj           34%        2d5       4%          2
 Necrotise                Necr           4%         1d4       19%         1
 Dazzling Flash           Conj/Hex       18%        N/A       22%         3
 Fulminant Prism          Conj/Hex       4%         3d6       58%         4
 Iskenderun's Mystic Bla  Conj/Tloc      9%         2d4       58%         4


Dungeon Overview and Level Annotations

Branches:
Dungeon (2/15)

Altars:

Annotations:
D:2 Terence


Innate Abilities, Weirdness & Mutations

Your plain brown scales are hard. (AC +4)
You cannot fit into any form of body armour.
You are cold-blooded and may be slowed by cold attacks.


Message History

Terence the Incautious comes into view.
He is wielding a +0 flail.
You hit Terence. You punch Terence.
Terence is lightly wounded.
Terence hits you with a +0 flail.
You hit Terence.
Terence is moderately wounded.
Terence hits you with a +0 flail.
Casting: Magic Dart (safe; 3% risk of failure)
Confirm with . or Enter, or press ? or * to list all spells.
Aiming: Magic Dart (safe; 3% risk of failure)
Press: ? - help, Shift-Dir - straight line, f - Terence
Aim: Terence, wielding a +0 flail and wearing a +0 scale mail (moderately wounded, 100% to hit)
You miscast Magic Dart.
You are very lightly contaminated with residual magic.
Nothing appears to happen.
Terence hits you with a +0 flail!
* * * LOW HITPOINT WARNING * * *
Unknown command.
Throw: 4 darts (atropa)
Press: ? - help, Q - select action, (/) - cycle Shift-Dir - straight line, f/p - Terence
Aim: Terence, wielding a +0 flail and wearing a +0 scale mail (moderately wounded, 56% to hit, chance to blind on hit: 100%)
You throw an atropa-tipped dart. The atropa-tipped dart hits Terence.
Terence appears confused.
Terence is moderately wounded.
Casting: Magic Dart (safe; 3% risk of failure)
Confirm with . or Enter, or press ? or * to list all spells.
Aiming: Magic Dart (safe; 3% risk of failure)
Press: ? - help, Shift-Dir - straight line, f/p - Terence
Aim: Terence, wielding a +0 flail and wearing a +0 scale mail (moderately wounded, confused, blind, 100% to hit)
The magic dart hits Terence but does no damage.
Terence is moderately wounded.
Terence seems less confused.
Terence drinks a potion.
Terence goes berserk!
Casting: Magic Dart (safe; 3% risk of failure)
Confirm with . or Enter, or press ? or * to list all spells.
Aiming: Magic Dart (safe; 3% risk of failure)
Press: ? - help, Shift-Dir - straight line, f/p - Terence
Aim: Terence, wielding a +0 flail and wearing a +0 scale mail (moderately wounded, berserk, blind, 100% to hit)
The magic dart hits Terence but does no damage.
Terence is moderately wounded.
Terence hits you with a +0 flail!
You die...

.# ########### .#.
##...##....####..#.#.
#....................
#....##....######..#
#...@#####.........#
#...@# #.#####...#
#....# #......<..#
#....# #######.....
#....# #.#... #....#
#.#.#. #..... #.# #
#..... #.# #.#


You could see Terence (berserk, blind).

Vanquished Creatures
  A dart slug (D:1)
  A ball python (D:1)
  An endoplasm (D:1)
  A hobgoblin (D:1)
  2 quokkas (D:1)
  2 bats (D:1)
  A frilled lizard (D:1)
  A goblin (D:1)
  3 kobolds (D:1)
  6 rats
19 creatures vanquished.

Notes
Turn   | Place    | Note
-------+----------+-------------------------------------------
     0 | D:1      | CaptainMV the Draconian Conjurer began the quest for the
                  | Orb.
     0 | D:1      | Reached XP level 1. HP: 14/14 MP: 3/3
   269 | D:1      | Found a faded altar of an unknown god.
   278 | D:1      | Reached XP level 2. HP: 20/20 MP: 0/5
   284 | D:1      | Got Plato's Guidebook on Evil
   748 | D:2      | Noticed Terence
   757 | D:2      | Mangled by Terence

Illustrated notes

Levels and vault maps discovered:
D:1:      matt_arrival_refuge, layout_basic,
          shapermc_ecumenical_altar_rom_forum, chequers_mini_garden
D:2:      layout_basic, st_stairs_6, uniq_robin, uniq_terence

Action                   || total
-------------------------++-------
Melee: Trident           ||    34
       Tailslap          ||     4
       Punch             ||     2
Throw: Dart              ||     1
 Cast: Magic Dart        ||    19
  Use: Scroll            ||     1
Armor: Skin              ||    10
Dodge: Dodged            ||    32
